 Dungeon Crawl Stone Soup version 0.24-a0-355-gbe4061de67 (webtiles) character file.

Game seed: 9274087028860873015

37 Borgoz the Skirmisher (level 3, -1/31 HPs)
             Began as a Ghoul Monk on May 24, 2019.
             Slain by an ice beast (3 damage)
             ... on level 2 of the Dungeon.
             The game lasted 00:02:33 (1305 turns).

Borgoz the Skirmisher (Ghoul Monk)                  Turns: 1305, Time: 00:02:34

Health: -1/31      AC:  2    Str: 15    XL:     3   Next: 41%
Magic:  2/2        EV: 13    Int:  5    God:
Gold:   44         SH:  0    Dex: 11    Spells: 2/2 levels left

rFire    . . .     SeeInvis .   b - +0 short sword (elec)
rCold    + . .     Gourm    .   (no shield)
rNeg     + + +     Faith    .   e - +0 robe
rPois    ∞         Spirit   .   (no helmet)
rElec    .         Reflect  .   (no cloak)
rCorr    .         Harm     .   (no gloves)
MR       .....                  (no boots)
Stlth    ++........             (no amulet)
HPRegen  0.00/turn              (no ring)
MPRegen  0.08/turn              (no ring)

@: rotting
A: rotting body, claws 1, carnivore, cold resistance 1, negative energy
resistance 3, inhibited regeneration, torment resistance, unbreathing
a: no special abilities


You were on level 2 of the Dungeon.
You were not hungry.

You visited 1 branch of the dungeon, and saw 2 of its levels.

You collected 44 gold pieces.

Inventory:

Hand Weapons
 a - a +0 falchion
 b - a +0 short sword of electrocution (weapon)
Armour
 e - a +0 robe (worn)
Jewellery
 i - an uncursed amulet of the gourmand
Scrolls
 d - 2 scrolls of teleportation
 g - a scroll of remove curse {unknown}
 h - a scroll of fear {unknown}
 j - a scroll of noise {unknown}
Comestibles
 c - 3 rations
 f - 2 chunks of flesh


   Skills:
 - Level 3.2 Fighting
 * Level 3.1 Long Blades
 * Level 1.3 Armour
 + Level 2.9 Dodging
 - Level 2.7 Stealth


You had 2 spell levels left.
You didn't know any spells.
Your spell library was empty.

Dungeon Overview and Level Annotations

Branches:
Dungeon (2/15)

Altars:

Annotations:
D:2 Terence


Innate Abilities, Weirdness & Mutations

Your body is rotting away.
You thrive on raw meat.
You are immune to poison.
You have sharp fingernails.
You are carnivorous and can eat meat at any time.
Your flesh is cold resistant. (rC+)
You are immune to negative energy. (rN+++)
You do not regenerate when monsters are visible.
You are immune to unholy pain and torment.
You can survive without breathing.


Message History

The ice beast hits you but does no damage.
You hit the ice beast.
The ice beast is severely wounded.
The ice beast closely misses you.
You closely miss the ice beast.
The ice beast is severely wounded.
The ice beast barely misses you.
You closely miss the ice beast.
The ice beast is severely wounded.
The ice beast hits you but does no damage.
You completely miss the ice beast.
The ice beast is severely wounded.
The ice beast hits you.
* * * LOW HITPOINT WARNING * * *
The ice beast freezes you! You resist.
* * * LOW HITPOINT WARNING * * *
You closely miss the ice beast.
The ice beast is severely wounded.
The ice beast hits you.
You die...

..# .. w> .. #?# ##
#.### ... .... ....
... ..... #.#
......####.####..(
......Y@..........
.......####$####..#
................#
###.##..####.######
....#..# #.#
##..#..####.#######
...................
.##
#..#..........####
.. #..#..###..####


You could see an ice beast.

Vanquished Creatures
  A dart slug (D:1)
  2 giant cockroaches (D:1)
  5 goblins (D:1)
  3 hobgoblins (D:1)
  6 jackals (D:1)
  7 kobolds
  2 bats (D:1)
  3 frilled lizards (D:1)
  3 rats
32 creatures vanquished.

Notes
Turn   | Place    | Note
-------+----------+-------------------------------------------
     0 | D:1      | Borgoz the Ghoul Monk began the quest for the Orb.
     0 | D:1      | Reached XP level 1. HP: 19/19 MP: 0/0
   156 | D:1      | Reached XP level 2. HP: 13/26 MP: 1/1
   409 | D:1      | Reached skill level 1 in Armour
   490 | D:1      | Reached XP level 3. HP: 29/31 MP: 2/2
  1173 | D:2      | Noticed Terence
  1286 | D:2      | Noticed an ice beast
  1305 | D:2      | Slain by an ice beast

Levels and vault maps discovered:
D:1:      matt_arrival_spirals, layout_basic
D:2:      layout_basic, nicolae_tso_swordbearing_angel, st_stairs_6,
          uniq_terence

Skill      XL: |  1  2 |
---------------+-------+-----
Long Blades    | 3 |  3.1
Armour         | 1 |  1.3
Fighting       | |  3.2
Dodging        | |  2.9
Stealth        | |  2.7

Action                   || total
-------------------------++-------
Melee: Short sword       ||    86
       Falchion          ||     2
  Use: Scroll            ||     3
       Potion            ||     2
 Stab: Sleeping          ||     8
  Eat: Chunk             ||     7
Armor: Robe              ||    11
Dodge: Dodged            ||    45

Table legend:
 A = Non-vault XP
 B = Vault XP
 C = Vault XP percentage of total XP
 D = Non-vault monster count
 E = Vault monster count
 F = Vault count percentage of total count
                 A         B        C        D         E       F
            +---------+---------+-------+---------+---------+-------
      Total |      54 |       0 |   0.0 |      32 |       0 |   0.0
            +---------+---------+-------+---------+---------+-------
        D:1 |      52 |       0 |   0.0 |      30 |       0 |   0.0
        D:2 |       2 |       0 |   0.0 |       2 |       0 |   0.0
            +---------+---------+-------+---------+---------+-------
